 Dungeon Crawl Stone Soup version 0.25.1-9-gc5326a611f (webtiles) character file.

Game seed: 13481738715006129530

359 diana the Ducker (level 6, -4/43 HPs)
             Began as an Octopode Gladiator on Jan 3, 2021.
             Slain by an orc wizard
             ... wielding a +0 dagger
              (5 damage)
             ... on level 4 of the Dungeon.
             The game lasted 00:05:54 (4673 turns).

diana the Ducker (Octopode Gladiator)               Turns: 4673, Time: 00:05:54

Health: -4/43      AC:  1    Str: 14    XL:     6   Next: 65%
Magic:  6/6        EV: 16    Int: 12    God:
Gold:   152        SH:  0    Dex: 19    Spells: 5/5 levels left

rFire    . . .     SeeInvis .   a - +0 quarterstaff
rCold    . . .     Gourm    .   (shield currently unavailable)
rNeg     . . .     Faith    .   b - +0 hat
rPois    .         Spirit   .   (no amulet)
rElec    .         Reflect  .   j - +6 ring of dexterity
rCorr    .         Harm     .   (no ring)
MR       .....                  (no ring)
Stlth    +++.......             (no ring)
HPRegen  0.14/turn              (no ring)
MPRegen  0.10/turn              (no ring)
                                (no ring)
                                (no ring)

@: flying, hasted, very quick
A: almost no armour, stealthy swim, amphibious, 8 rings, constrict 8, camouflage
1, gelatinous body 1
a: no special abilities


You were on level 4 of the Dungeon.
You were not hungry.

You visited 1 branch of the dungeon, and saw 4 of its levels.

You collected 152 gold pieces.

Inventory:

Hand Weapons
 a - a +0 quarterstaff (weapon)
Missiles
 c - 3 throwing nets (quivered)
Armour
 b - a +0 hat (worn)
Jewellery
 j - a +6 ring of dexterity (left tentacle)
Scrolls
 e - 6 scrolls of identify {unknown}
 i - 4 scrolls of remove curse {unknown}
 k - 2 scrolls of magic mapping {unknown}
 o - a scroll of blinking {unknown}
 r - a scroll of enchant weapon {unknown}
 s - 2 scrolls of fog {unknown}
 t - a scroll of amnesia {unknown}
Potions
 g - a potion of cancellation
 h - a potion of might {unknown}
 l - a potion of stabbing {unknown}
 m - a potion of haste
 p - a potion of heal wounds {unknown}
 q - a potion of flight
Comestibles
 d - 8 rations
 n - 3 chunks of flesh


   Skills:
 + Level 4.2 Fighting
 + Level 4.8 Staves
 - Level 2.0 Throwing
 + Level 4.8 Dodging


You had 5 spell levels left.
You didn't know any spells.
Your spell library was empty.

Dungeon Overview and Level Annotations

Branches:
Dungeon (4/15)
 Temple: D:4-7

Altars:
Qazlal
Ru
Trog
Zin

Annotations:
D:4 2 transporters


Innate Abilities, Weirdness & Mutations

You cannot wear most types of armour.
You are very stealthy in the water. (Stealth+)
You are amphibious.
You can wear up to eight rings at the same time.
You can use your tentacles to constrict eight enemies at once.
Your skin changes colour to match your surroundings (Stealth+).
Your rubbery body absorbs attacks. (AC +1, EV +1)


Message History

A magic dart appears from out of thin air!
The magic dart hits you!
* * * LOW HITPOINT WARNING * * *
You feel better. The orc completely misses you.
You hear some strange, mumbled words.
Something tries to affect you, but you resist.
You feel better. Something hits you. The orc hits you with a +0 flail!
It was a potion of cancellation.
You feel magically purged. Something hits you. The orc closely misses you.
It was a potion of haste.
You feel yourself speed up. Something hits you.
* * * LOW HITPOINT WARNING * * *
Something hits you.
* * * LOW HITPOINT WARNING * * *
The orc barely misses you.
It was a potion of flight.
You feel very buoyant.
You fly up into the air.
Something hits you.
* * * LOW HITPOINT WARNING * * *
Something hits you.
You die...

...........................
...........................
...........................
...........................
......)....................
.......)...................
..%........................
........){.................
.......>.o@................
.................... ....##
.................... ###
..................##
............#######
##.....##### ######


You could see an orc.

Vanquished Creatures
  A scorpion (D:4)
  Terence (D:2)
  An orc wizard (D:3)
  A worker ant (D:3)
  A howler monkey zombie (D:3)
  Robin (D:1)
  7 adders
  An ooze (D:2)
  3 worms
  2 dart slugs
  2 leopard geckos (D:4)
  9 orcs
  10 bats
  6 giant cockroaches
  16 goblins
  6 hobgoblins
  9 jackals
  10 kobolds
  4 quokkas
  A ball python (D:3)
  6 frilled lizards
  A quokka skeleton (D:3)
  27 rats
126 creatures vanquished.

Notes
Turn   | Place    | Note
-------+----------+-------------------------------------------
     0 | D:1      | diana the Octopode Gladiator began the quest for the Orb.
     0 | D:1      | Reached XP level 1. HP: 14/14 MP: 1/1
   308 | D:1      | Reached XP level 2. HP: 8/19 MP: 2/2
  1003 | D:1      | Reached XP level 3. HP: 25/25 MP: 3/3
  1131 | D:2      | Noticed Robin
  1138 | D:1      | Killed Robin
  1401 | D:1      | Reached XP level 4. HP: 6/30 MP: 4/4
  2005 | D:2      | Found a stormy altar of Qazlal.
  2006 | D:2      | Found a sacrificial altar of Ru.
  2172 | D:2      | Noticed Terence
  2177 | D:2      | Killed Terence
  2491 | D:2      | Reached XP level 5. HP: 36/36 MP: 5/5
  3529 | D:3      | Found a glowing silver altar of Zin.
  3687 | D:3      | Reached XP level 6. HP: 40/43 MP: 6/6
  4224 | D:4      | Found a bloodstained altar of Trog.
  4341 | D:4      | Found a transporter.
  4352 | D:4      | Found a transporter.
  4673 | D:4      | HP: 1/43 [something (4)]
  4673 | D:4      | Slain by an orc wizard

Illustrated notes

Levels and vault maps discovered:
D:1:      nicolae_arrival_washed_ashore, layout_rooms, minmay_misc_feat_enclosed
D:2:      minmay_wonky_spiral, layout_basic,
          chequers_temple_overflow_statue_of_worship, uniq_terence, uniq_robin
D:3:      cheibrodos_old_hovel, layout_loops_cross, zin_statuary
D:4:      layout_layer_cave, gammafunk_temple_overflow_arena,
          nicolae_overflow_crystal_walls, minmay_rat_hole

Skill      XL: |  1  2  3  4  5  6 |
---------------+-------------------+-----
Fighting       | 3 4 |  4.2
Staves         | 4 |  4.8
Dodging        | 4 |  4.8
Throwing       | |  2.0

Action                   |  1- 3 |  4- 6 || total
-------------------------+-------+-------++-------
Melee: Quarterstaff      |    77 |   163 ||   240
       Constrict         |    17 |    49 ||    66
       Tentacles         |    10 |    25 ||    35
  Use: Potion            |       |     8 ||     8
 Stab: Sleeping          |     5 |    15 ||    20
  Eat: Chunk             |     1 |    11 ||    12
Armor: Skin              |     7 |     5 ||    12
Dodge: Dodged            |    76 |   121 ||   197
